 Dungeon Crawl Stone Soup version 0.22-a0-305-gd21a89c (webtiles) character file.

4888 xccam the Basher (level 10, -4/70 HPs)
             Began as a Formicid Fighter on Mar 30, 2018.
             Was a Follower of Cheibriados.
             Impaled on a porcupine's spines (8 damage)
             ... on level 8 of the Dungeon.
             The game lasted 00:15:25 (7867 turns).

xccam the Basher (Formicid Fighter)                 Turns: 7867, Time: 00:15:26

Health: -4/70      AC:  9    Str: 35    XL:     10   Next: 79%
Magic:  10/10      EV: 13    Int:  7    God:    Cheibriados [*.....]
Gold:   439        SH: 13    Dex: 12    Spells: 9/9 levels left

rFire    . . .     SeeInvis +   a - +0 flail
rCold    . . .     Gourm    .   c - +0 shield
rNeg     . . .     Faith    .   b - +0 scale mail
rPois    .         Spirit   .   (helmet unavailable)
rElec    .         Reflect  .   (no cloak)
rCorr    +         Harm     .   j - +0 pair of gloves
MR       +++..                  (no boots)
Stlth    ..........             A - necklace of Bloodlust {*Rage +Rage MR++ Int-3 Slay+6 *Curse} (curse)
HPRegen  0.21/turn              y - +4 ring of strength
MPRegen  0.12/turn              C - ring of resist corrosion

@: mighty, very slow
A: permanent stasis, dig shafts and tunnels, four strong arms, antennae 3
a: Dig, Shaft Self, Bend Time, Renounce Religion


You were on level 8 of the Dungeon.
You worshipped Cheibriados.
Cheibriados was aware of your devotion.
You were not hungry.

You visited 2 branches of the dungeon, and saw 9 of its levels.

You collected 467 gold pieces.
You spent 28 gold pieces at shops.

Inventory:

Hand Weapons
 a - a +0 flail (weapon)
Armour
 b - a +0 scale mail (worn)
 c - a +0 shield (worn)
 j - a +0 pair of gloves (worn)
 v - a +0 plate armour
Jewellery
 y - a +4 ring of strength (left hand)
 A - the cursed necklace of Bloodlust (around neck) {*Rage +Rage MR++ Int-3 Slay+6 *Curse}
   (You found it on level 4 of the Dungeon)

   [amulet of rage]

   It affects your intelligence (-3).
   It affects your accuracy and damage with ranged weapons and melee attacks
   (+6).
   It affects your resistance to hostile enchantments.
   It lets you go berserk.
   It may make you go berserk in combat.
   It curses itself when equipped.
   It has a curse placed upon it.
 C - a ring of resist corrosion (right hand)
Wands
 E - a wand of acid (8)
Scrolls
 g - a scroll of noise {unknown}
 h - 4 scrolls of enchant weapon {unknown}
 i - 2 scrolls of immolation
 m - a scroll of identify
 n - 2 scrolls of fear {unknown}
 q - 3 scrolls of teleportation {unknown}
 r - 2 scrolls of remove curse {unknown}
 w - 2 scrolls of amnesia
 x - a scroll of random uselessness {unknown}
 B - 3 scrolls of fog {unknown}
 G - a scroll of acquirement {unknown}
 I - a scroll of blinking {unknown}
Potions
 e - 2 potions of brilliance {unknown}
 k - 2 potions of haste
 l - 3 potions of mutation {unknown}
 o - 3 potions of magic
 p - 4 potions of heal wounds
 s - a potion of berserk rage {unknown}
 t - 2 potions of resistance {unknown}
 u - 4 potions of curing
 z - a potion of degeneration {unknown}
 D - a potion of agility {unknown}
 F - a potion of invisibility {unknown}
 H - a potion of flight {unknown}
 J - a potion of ambrosia {unknown}
Comestibles
 f - 16 rations
 K - a chunk of flesh


   Skills:
 - Level 3.2 Fighting
 + Level 10.2 Maces & Flails
 + Level 7.8 Armour
 + Level 5.7 Dodging
 - Level 9.1 Shields


You had 9 spell levels left.
You didn't know any spells.

Dungeon Overview and Level Annotations

Branches:
Dungeon (8/15)             Temple (1/1) D:4
   Lair: D:8-11

Altars:
Ashenzari
Cheibriados
Dithmenos
Elyvilon
Fedhas
Gozag
Hepliaklqana
Kikubaaqudgha
Makhleb
Nemelex Xobeh
Okawaru
Qazlal
Ru
Sif Muna
Trog
Uskayaw
Vehumet
Wu Jian
Xom
Yredelemnul
Zin
The Shining One

Shops:
D:6 *


Innate Abilities, Weirdness & Mutations

You cannot be hasted, slowed, berserked, paralysed or teleported.
You can dig through walls and to a lower floor.
Your four strong arms can wield two-handed weapons with a shield.
You have a pair of large antennae on your head. (SInv)


Message History

You bludgeon Nib's ghost!!
You destroy Nib's ghost!
Cheibriados thoroughly appreciates the change of pace.
You block the porcupine's attack.
You completely miss the porcupine. The porcupine bites you!
You barely miss the porcupine. You block the porcupine's attack.
A basilisk comes into view.
You are struck by the porcupine's spines.
The basilisk hisses angrily.
You hit the porcupine.
The porcupine is moderately wounded.
The porcupine bites you.
You are struck by the porcupine's spines.
* * * LOW HITPOINT WARNING * * *
You closely miss the porcupine.
The porcupine is moderately wounded.
The porcupine bites you!
* * * LOW HITPOINT WARNING * * *
You are struck by the porcupine's spines.
You die...

## #.# .# #.# .##
#.# ..#
##.######### #.#
#..........#
#†#####..#######.#
.............# #.#
#..####..###.# #†#
.....÷....<#.###@#
.#..###..###...#r#
.##.# #..#####.#r#
.##..##........#.#
.###.##...######)#
.# #..#...# #l# .#
#.#...######.# .#
#............# .#
##...######..


You could see a basilisk and 2 porcupines.

Vanquished Creatures
  The ghost of Nib the Cleaver, a novice DsGl of Okawaru (D:8)
  A hippogriff (D:8)
  Sigmund (D:6)
  A wyvern (D:8)
  A basilisk (D:8)
  A black bear (D:8)
  3 sky beasts (D:5)
  4 ogres
  3 phantoms
  3 wolves (D:8)
  A necrophage (D:7)
  2 centaurs
  2 big kobolds (D:7)
  3 bullfrogs (D:7)
  A gnoll sergeant (D:6)
  9 killer bees
  2 howler monkeys
  A crimson imp (D:8)
  A bullfrog zombie (D:8)
  A jelly (D:7)
  2 bullfrog skeletons
  2 centaur skeletons
  2 orc priests (D:7)
  An iguana (D:6)
  6 orc wizards
  6 worker ants
  A hound zombie (D:7)
  A hound skeleton (D:6)
  A howler monkey zombie (D:4)
  15 gnolls
  12 adders
  3 oozes
  5 worms
  A dart slug (D:1)
  4 leopard geckos
  21 orcs
  4 ball pythons
  6 giant cockroaches
  5 goblins
  18 hobgoblins
  11 jackals
  A quokka (D:5)
  7 bats
  2 frilled lizards (D:2)
  A giant cockroach zombie (D:6)
  21 kobolds
  A leopard gecko skeleton (D:6)
  2 leopard gecko zombies
  2 quokka skeletons
  2 quokka zombies (D:6)
  6 rats
214 creatures vanquished.

Vanquished Creatures (others)
  A bush (D:8)
  3 fungi (D:8)
  16 plants (D:8)
20 creatures vanquished.

Grand Total: 234 creatures vanquished

Notes
Turn   | Place    | Note
-------+----------+-------------------------------------------
     0 | D:1      | xccam the Formicid Fighter began the quest for the Orb.
     0 | D:1      | Reached XP level 1. HP: 18/18 MP: 1/1
    32 | D:1      | Reached XP level 2. HP: 16/24 MP: 2/2
    76 | D:1      | Reached skill level 3 in Maces & Flails
   142 | D:1      | Reached XP level 3. HP: 26/29 MP: 3/3
   868 | D:2      | Reached skill level 4 in Maces & Flails
   868 | D:2      | Reached XP level 4. HP: 23/35 MP: 4/4
   983 | D:2      | Found a shimmering altar of Xom.
   984 | D:2      | Found an iron altar of Okawaru.
   986 | D:2      | Found a radiant altar of Vehumet.
   989 | D:2      | Found an ancient bone altar of Kikubaaqudgha.
   991 | D:2      | Found a hazy altar of Hepliaklqana.
   998 | D:2      | Found a glowing silver altar of Zin.
  1003 | D:2      | Found a deep blue altar of Sif Muna.
  1280 | D:2      | Reached XP level 5. HP: 39/41 MP: 5/5
  1322 | D:2      | Reached skill level 5 in Maces & Flails
  1866 | D:3      | Found a faded altar of an unknown god.
  2161 | D:3      | Reached XP level 6. HP: 47/47 MP: 6/6
  2633 | D:4      | Reached skill level 6 in Maces & Flails
  2795 | D:4      | Found the cursed necklace of Bloodlust {*Rage +Rage MR++ Int-3 Slay+6 *Curse}
  2930 | D:4      | Reached XP level 7. HP: 46/52 MP: 7/7
  3038 | D:4      | Reached skill level 7 in Maces & Flails
  3191 | D:4      | Found a staircase to the Ecumenical Temple.
  3451 | D:4      | Found a bloodstained altar of Trog.
  3483 | D:5      | Entered Level 5 of the Dungeon
  3629 | D:5      | Reached skill level 8 in Maces & Flails
  3674 | D:5      | Found a stormy altar of Qazlal.
  3728 | D:5      | Reached skill level 5 in Shields
  3728 | D:5      | Reached XP level 8. HP: 27/58 MP: 8/8
  4251 | D:6      | Noticed Sigmund
  4555 | D:6      | Found Siofe's General Store.
  4569 | D:6      | Bought a scroll of identify for 28 gold pieces
  4934 | D:6      | Reached XP level 9. HP: 38/64 MP: 9/9
  5361 | D:6      | Reached skill level 1 in Dodging
  5473 | D:6      | Killed Sigmund
  5952 | D:7      | Reached skill level 5 in Armour
  6209 | D:7      | Reached skill level 9 in Maces & Flails
  6631 | D:7      | Reached XP level 10. HP: 68/70 MP: 10/10
  7023 | Temple   | Entered the Ecumenical Temple
  7079 | Temple   | Became a worshipper of Cheibriados the Contemplative
  7618 | D:8      | Reached skill level 5 in Dodging
  7740 | D:8      | Reached * piety under Cheibriados
  7839 | D:8      | Noticed Nib's ghost (novice DsGl)
  7848 | D:8      | Reached skill level 10 in Maces & Flails
  7862 | D:8      | Killed Nib's ghost
  7867 | D:8      | Impaled on a porcupine's spines

Vault maps used:
D:1:      dpeg_arrival_simpleton_a, hex_intersection
D:2:      grunt_temple_overflow_open, minmay_box_of_dots
D:3:      minmay_door_path, chequers_ecumenical_altar_simple
D:4:      kennysheep_mini, temple_statues, first_ration
D:5:      basic_altar
D:6:      serial_shops, nicolae_shop_temple_entry_statues_fountains,
          minivault_1, minmay_misc_feat_encased, uniq_sigmund
D:7:      corexii_shack_village
D:8:      minmay_lair_entry_grove
Temple:   eino_temple_water

Skill      XL: |  1  2  3  4  5  6  7  8  9 10 |
---------------+-------------------------------+-----
Maces & Flails | 3 4 5 6 8 9 10 | 10.2
Shields        | 5 9 |  9.1
Dodging        | 4 5 |  5.7
Armour         | 6 7 |  7.8
Fighting       | |  3.2

Action                   |  1- 3 |  4- 6 |  7- 9 | 10-12 || total
-------------------------+-------+-------+-------+-------++-------
Melee: Flail             |    90 |   250 |   311 |   150 ||   801
 Abil: Dig               |       |       |       |     3 ||     3
  Use: Scroll            |       |     3 |       |     3 ||     6
       Potion            |       |       |       |     1 ||     1
  Eat: Chunk             |       |     7 |     8 |     2 ||    17
       Ration            |       |       |     1 |     1 ||     2
Armor: Scale mail        |    40 |   111 |    73 |    26 ||   250
Dodge: Dodged            |    26 |    93 |    89 |    55 ||   263
Block: Shield            |    46 |   147 |   180 |    78 ||   451

Table legend:
 A = Spawn XP
 B = Non-spawn XP
 C = Spawn XP percentage of total XP
 D = Spawn monster count
 E = Non-spawn monster count
 F = Spawn count percentage of total count
 G = Total turns spent on level
                    A         B        C        D         E        F      G
               +---------+---------+-------+---------+---------+-------+---------
         Total |       0 |    6983 |   0.0 |       0 |     214 |   0.0 |  7867
               +---------+---------+-------+---------+---------+-------+---------
           D:1 |       0 |      46 |   0.0 |       0 |      23 |   0.0 |   825
           D:2 |       0 |     147 |   0.0 |       0 |      23 |   0.0 |   999
           D:3 |       0 |     108 |   0.0 |       0 |      35 |   0.0 |   750
           D:4 |       0 |     397 |   0.0 |       0 |      24 |   0.0 |  1025
           D:5 |       0 |     699 |   0.0 |       0 |      17 |   0.0 |   981
           D:6 |       0 |    1141 |   0.0 |       0 |      25 |   0.0 |  1214
           D:7 |       0 |    1808 |   0.0 |       0 |      42 |   0.0 |  1361
           D:8 |       0 |    2637 |   0.0 |       0 |      25 |   0.0 |   639
               +---------+---------+-------+---------+---------+-------+---------
